 Dungeon Crawl Stone Soup version 0.28.0-45-g0d030f2227 (webtiles) character file.

Game seed: 8181106456971210220

3997 pkoi the Destroyer (level 9, -12/67 HPs)
             Began as a Demigod Conjurer on Apr 8, 2022.
             Mangled by Harold
             ... wielding a +0 trident
              (19 damage)
             ... on level 8 of the Dungeon.
             The game lasted 00:15:18 (12290 turns).

pkoi the Destroyer (Demigod Conjurer)              Turns: 12290, Time: 00:15:19

Health: -12/67     AC:  6    Str:  8    XL:     9   Next: 73%
Magic:  11/18      EV: 12    Int: 32    God:
Gold:   406        SH:  0    Dex: 12    Spells: 4/16 levels left

rFire   . . .      SeeInvis .   i - +3 club (spect)
rCold   . . .      Faith    .   (no shield)
rNeg    . . .      Spirit   .   a - +0 robe
rPois   .          Reflect  .   k - +1 helmet
rElec   .          Harm     .   (no cloak)
rCorr   .          Rampage  .   b - +1 pair of gloves
Will    .....                   (no boots)
Stlth   ++........              (no amulet)
HPRegen 0.21/turn               m - +4 ring of protection
MPRegen 0.16/turn               (no ring)

@: marked, corroded
A: high MP 1, forlorn, divine attributes
a: no special abilities


You were on level 8 of the Dungeon.
You visited 1 branch of the dungeon, and saw 8 of its levels.

You collected 406 gold pieces.

Inventory:

Hand Weapons
 f - a +0 dagger
 i - a +3 spectral club (weapon)
 o - a +1 dagger of venom
 v - a +2 dagger of holy wrath
Armour
 a - a +0 robe (worn)
 b - a +1 pair of gloves (worn)
 k - a +1 helmet (worn)
Jewellery
 m - a +4 ring of protection (left hand)
Wands
 q - a wand of flame (17)
 y - a wand of acid (12)
Scrolls
 c - a scroll of fear
 e - a scroll of silence {unknown}
 l - a scroll of identify
 r - a scroll of teleportation
 s - a scroll of enchant weapon
Potions
 d - a potion of heal wounds
 g - 3 potions of curing
 h - a potion of invisibility
 j - a potion of ambrosia
 n - 3 potions of lignification
 p - a potion of berserk rage {unknown}
 t - a potion of might
 x - 2 potions of brilliance


   Skills:
 + Level 1.9 Fighting
 + Level 2.9 Dodging
 - Level 1.7 Stealth
 - Level 4.0 Spellcasting
 - Level 9.0 Conjurations
 * Level 5.3 Hexes
 * Level 7.1 Translocations


You had 4 spell levels left.
You knew the following spells:

 Your Spells              Type           Power      Damage    Failure   Level
a - Magic Dart            Conj           100%       1d8       1%          1
b - Searing Ray           Conj           100%       2d8       1%          2
c - Iskenderun's Mystic   Conj/Tloc      55%        2d12      1%          4
d - Fulminant Prism       Conj/Hex       25%        3d14      3%          4
e - Apportation           Tloc           100%       N/A       1%          1

Your spell library contained the following spells:

 Spells                   Type           Power      Damage    Failure   Level
 Dazzling Flash           Conj/Hex       100%       N/A       1%          3
 Corpse Rot               Necr/Air       12%        N/A       9%          2
 Dispel Undead            Necr           6%         3d8       50%         4
 Alistair's Intoxication  Tmut/Pois      4%         N/A       83%         5
 Death Channel            Necr           3%         N/A       100%        6


Dungeon Overview and Level Annotations

Branches:
Dungeon (8/15)             Temple (0/1) D:5
   Lair: D:8-11

Shops:
D:1 *   D:8 **(

Portals:
Bailey: D:8

Annotations:
D:3 1 runed translucent door, jimonade's ghost, amateur GnWz
D:8 Harold; Maurice


Innate Abilities, Weirdness & Mutations

You have an increased reservoir of magic. (+10% MP)
You shall have no god before yourself.
Your divine heritage dramatically boosts your attributes as you level up.


Message History

Confirm with . or Enter, or press ? or * to list all spells.
You erupt in a blast of force!
The mystic blast hits the basilisk!
You kill the basilisk!
The mystic blast hits Harold!
Harold is lightly wounded.
Harold is knocked back by the mystic blast.
You hear a shout!
You hear two shouts!
The orc wizard zaps a wand.
The bolt of acid hits you!!
* * * LOW HITPOINT WARNING * * *
The acid corrodes you!
You hear two shouts!
You hear a shout!
Unknown command.
Harold zaps a wand.
The mass of ice explodes!
The iceblast engulfs you!!
* * * LOW HITPOINT WARNING * * *
You hear a shout! x2
Harold casts a spell at you. A sentinel's mark forms upon you.
An orc comes into view. It is wielding a +0 spear.
Harold throws a throwing net.
The throwing net hits you.
You become entangled in the net!
The orc moves out of view.
Things that are here:
a throwing net; a +0 spear You struggle against the net.
An orc comes into view. It is wielding a +0 spear.
You struggle against the net.
You struggle against the net.
The orc wizard gestures at you while chanting.
You easily resist.
Your magical contamination has completely faded away.
You struggle against the net.
The orc wizard points at you and mumbles some strange words.
The magic dart hits you.
* * * LOW HITPOINT WARNING * * *
Harold gestures at you while chanting. The mark upon you grows brighter.
Unknown command.
You rip the net and break free!
The orc hits you but does no damage.
The orc wizard hits you but does no damage.
Harold hits you from afar with a +0 trident!!
You die...

..#.# ###
.##.#.# ..#
.....# #.# #
#.#.#### ...l
#...... ...
###.#o.########
....
##...oo.........
#.....
#...)..@########
...... #..)∩@..#
###### #...)...#
...# #......##
##.#
######.######
#l# ##......#
#.###l#.#####
.#.##.###.#
.#*#.## #.#
...##.## ##


You could see Harold, an orc wizard and 2 orcs.

Vanquished Creatures
  Grinder (D:6)
  4 yaks
  A basilisk (D:8)
  A wyvern (D:7)
  A steam dragon (D:7)
  Menkaure (D:5)
  2 water moccasins
  An orc warrior (D:7)
  A sky beast (D:5)
  3 black bears
  A hornet zombie (D:7)
  2 necrophages
  An ogre (D:4)
  4 centaurs
  3 bullfrogs
  A scorpion (D:7)
  A water moccasin zombie (D:6)
  A howler monkey (D:5)
  2 hounds
  A bullfrog skeleton (D:7)
  A jelly (D:7)
  5 orc priests
  Jessica (D:2)
  4 iguanas
  13 orc wizards
  A hound zombie (D:5)
  Robin (D:2)
  2 gnolls (D:8)
  6 adders
  4 river rats
  A white imp (D:5)
  An adder skeleton (D:5)
  3 worms
  A dart slug (D:4)
  40 orcs
  3 bats
  10 endoplasms
  5 giant cockroaches
  15 goblins
  9 hobgoblins
  2 jackals (D:4)
  3 quokkas
  6 ball pythons
  3 frilled lizards
  4 kobolds
  6 rats
183 creatures vanquished.

Vanquished Creatures (others)
  14 fulminant prisms
  51 plants (D:5)
65 creatures vanquished.

Grand Total: 248 creatures vanquished

Notes
Turn   | Place    | Note
-------+----------+-------------------------------------------
     0 | D:1      | pkoi the Demigod Conjurer began the quest for the Orb.
     0 | D:1      | Reached XP level 1. HP: 14/14 MP: 5/5
   255 | D:1      | Found Edup's General Store.
   271 | D:1      | Reached skill level 4 in Conjurations
   396 | D:1      | Reached XP level 2. HP: 20/20 MP: 4/7
   786 | D:2      | Noticed Jessica
   792 | D:2      | Killed Jessica
   793 | D:2      | Reached XP level 3. HP: 26/26 MP: 1/8
  1030 | D:2      | Reached skill level 5 in Conjurations
  1073 | D:2      | Learned a level 2 spell: Searing Ray
  1094 | D:2      | Noticed Robin
  1102 | D:2      | Killed Robin
  1103 | D:2      | Reached XP level 4. HP: 12/33 MP: 4/9
  2629 | D:2      | Reached skill level 6 in Conjurations
  2629 | D:2      | Reached XP level 5. HP: 28/38 MP: 10/10
  2894 | D:3      | Found a runed translucent door.
  2894 | D:3      | Noticed a necrophage
  2894 | D:3      | Noticed jimonade's ghost (amateur GnWz)
  4084 | D:4      | Reached XP level 6. HP: 31/45 MP: 11/11
  4291 | D:3      | Reached skill level 7 in Conjurations
  5268 | D:4      | Reached skill level 8 in Conjurations
  5268 | D:4      | Reached XP level 7. HP: 50/50 MP: 10/12
  5752 | D:4      | Learned a level 1 spell: Apportation
  5757 | D:4      | Learned a level 4 spell: Iskenderun's Mystic Blast
  5798 | D:5      | Entered Level 5 of the Dungeon
  5804 | D:5      | Noticed Menkaure
  5807 | D:5      | Reached skill level 1 in Translocations
  6020 | D:5      | Killed Menkaure
  6912 | D:5      | Reached XP level 8. HP: 57/57 MP: 3/15
  7439 | D:4      | Learned a level 4 spell: Fulminant Prism
  7599 | D:5      | Found a staircase to the Ecumenical Temple.
  7772 | D:5      | Reached skill level 1 in Hexes
  8026 | D:6      | Noticed Grinder
  8036 | D:6      | Killed Grinder
  8037 | D:6      | Reached skill level 1 in Fighting
  8037 | D:6      | Reached skill level 9 in Conjurations
  8326 | D:6      | Reached skill level 5 in Translocations
 10191 | D:6      | Reached XP level 9. HP: 59/64 MP: 3/18
 10836 | D:7      | Reached skill level 5 in Hexes
 11781 | D:8      | Found Maumu's Weapon Shoppe.
 11795 | D:8      | Noticed Maurice
 11998 | D:8      | Found Hiku's General Store.
 12179 | D:8      | Found Voko's Assorted Antiques.
 12266 | D:8      | Found a flagged portal.
 12271 | D:8      | Noticed Harold
 12290 | D:8      | Mangled by Harold

Illustrated notes

Levels and vault maps discovered:
D:1:      minmay_arrival_five_plusses, layout_rooms, serial_shops, shop
D:2:      minmay_angry_zag, layout_basic, uniq_jessica, uniq_robin
D:3:      layout_loops_ring, ebering_ghost_inner_flame
D:4:      layout_gridville, nicolae_overflow_crystal_walls,
          ebering_dispersal_statue_hall
D:5:      wad_woods_stonehenge, layout_basic, minmay_temple_entry_nine_rooms,
          lemuel_old_faithful, uniq_menkaure
D:6:      layout_layer_cave, minivault_26, kennysheep_generic_room_9,
          uniq_grinder
D:7:      layout_cave_pods
D:8:      layout_loops_cross, serial_shops, nicolae_lakefront_shop,
          nicolae_shop_hallway_plus, shop, shop, nicolae_lakefront_shop,
          enter_bailey_2, minmay_the_grid_2x2 [minmay_the_grid_empty,
          minmay_the_grid_tiny_cups, minmay_the_grid_minigrid_small_alt,
          minmay_the_grid_prize_diamond_cup], uniq_harold, uniq_maurice

Skill      XL: |  1  2  3  4  5  6  7  8  9 |
---------------+----------------------------+-----
Conjurations   | 4 5 6 8 9 |  9.0
Spellcasting   | 3 4 |  4.0
Translocations | 3 5 7 |  7.1
Dodging        | 2 |  2.9
Hexes          | 3 5 |  5.3
Fighting       | 1 |  1.9
Stealth        | |  1.7

Action                   |  1- 3 |  4- 6 |  7- 9 || total
-------------------------+-------+-------+-------++-------
Melee: Unarmed           |     1 |       |       ||     1
       Club              |     3 |    70 |    94 ||   167
       Punch             |       |     2 |     3 ||     5
 Cast: Magic Dart        |    56 |   105 |    70 ||   231
       Searing Ray       |     1 |     1 |     8 ||    10
       Iskenderun's Myst |       |       |    42 ||    42
       Fulminant Prism   |       |       |    14 ||    14
  Use: Scroll            |       |       |    11 ||    11
       Potion            |       |       |     4 ||     4
 Stab: Distracted        |       |     2 |       ||     2
Armor: Robe              |       |    39 |    49 ||    88
Dodge: Dodged            |    15 |    56 |    92 ||   163
